3A
DELAWARE 1787 BC @ IDAHO FALLS CHUKARS
07/16/2027
 
TOP OF THE 1ST
Delaware 1787 BC batting - Pitching for Idaho Falls Chukars : LHP Jorge Mejía
Pitching: LHP Jorge Mejía
Batting: LHB Juan Ledezma 0-0: Ball
1-0: Swinging Strike
1-1: Ground out 1-3 (Groundball, P)
Batting: RHB José Rodríguez 0-0: Ball
1-0: Called Strike
1-1: Swinging Strike
1-2: Foul Ball, location: 2F
1-2: Foul Ball, location: 2F
1-2: Strikes out swinging
Batting: RHB David Wooderson 0-0: Foul Ball, location: 2F
0-1: Foul Ball, location: 2F
0-2: Ball
1-2: Strikes out looking
Top of the 1st over - 0 run(s), 0 hit(s), 0 error(s), 0 left on base; Delaware 0 - Idaho Falls 0
BOTTOM OF THE 1ST
Idaho Falls Chukars batting - Pitching for Delaware 1787 BC : LHP Will Hoffman
Pitching: LHP Will Hoffman
Batting: LHB Juan Rosado 0-0: Ball
1-0: Ball
2-0: Foul Ball, location: 2F
2-1: Ball
3-1: Called Strike
3-2: Strikes out swinging
Batting: SHB Jorge Colón 0-0: Swinging Strike
0-1: SINGLE (Groundball, 56D)
Batting: RHB Scott Ramsey 0-0: Called Strike
0-1: Ball
1-1: Ball
2-1: Foul Ball, location: 2F
2-2: Ball
3-2: Foul Ball, location: 2F
3-2: Foul Ball, location: 2F
3-2: Fly out, F7 (Flyball, 7LS)
Batting: SHB Félix Medina 0-0: Ball
1-0: Fly out, F8 (Flyball, 8RXD)
Bottom of the 1st over - 0 run(s), 1 hit(s), 0 error(s), 1 left on base; Delaware 0 - Idaho Falls 0
TOP OF THE 2ND
Delaware 1787 BC batting - Pitching for Idaho Falls Chukars : LHP Jorge Mejía
Batting: RHB Phil Moore 0-0: Ball
1-0: Called Strike
1-1: Ball
2-1: Fly out, F7 (Flyball, 7)
Batting: RHB Randy Sheffield 0-0: Swinging Strike
0-1: Ball
1-1: Foul Ball, location: 2F
1-2: Foul Ball, location: 2F
1-2: Foul Ball, location: 2F
1-2: Strikes out swinging
Batting: RHB John Willoughby 0-0: Ball
1-0: Foul Ball, location: 2F
1-1: Foul Ball, location: 2F
1-2: Strikes out swinging, 2-3 out at first.
Top of the 2nd over - 0 run(s), 0 hit(s), 0 error(s), 0 left on base; Delaware 0 - Idaho Falls 0
BOTTOM OF THE 2ND
Idaho Falls Chukars batting - Pitching for Delaware 1787 BC : LHP Will Hoffman
Batting: RHB Alexandre Keeping 0-0: Ball
1-0: Called Strike
1-1: Ground out 1-3 (Groundball, 13)
Batting: SHB Shiki Sanu 0-0: Called Strike
0-1: Ground out 1-3 (Groundball, 15S)
Batting: RHB Spencer Lyng 0-0: Called Strike
0-1: Ball
1-1: Hit by Pitch
Batting: LHB Jérôme Masson 0-0: Ball
1-0: Foul Ball, location: 2F
1-1: Called Strike
1-2: Ball
2-2: Fielders Choice at 2nd, 6-4 (Groundball, 6)
Bottom of the 2nd over - 0 run(s), 0 hit(s), 0 error(s), 0 left on base; Delaware 0 - Idaho Falls 0
TOP OF THE 3RD
Delaware 1787 BC batting - Pitching for Idaho Falls Chukars : LHP Jorge Mejía
Batting: SHB Chris Hansen 0-0: Ball
1-0: Ball
2-0: Fly out, F8 (Line Drive, 8LM)
Batting: LHB Donovan Inman 0-0: Ball
1-0: Fly out, F8 (Flyball, 8LM)
Batting: RHB Toyozo Yamasaki 0-0: Called Strike
0-1: Foul Ball, location: 2F
0-2: Ball
1-2: SINGLE (Line Drive, 9S)
Batting: LHB Juan Ledezma 0-0: Foul Ball, location: 2F
0-1: Ball
1-1: Fly out, F9 (Flyball, 9LSF)
Top of the 3rd over - 0 run(s), 1 hit(s), 0 error(s), 1 left on base; Delaware 0 - Idaho Falls 0
BOTTOM OF THE 3RD
Idaho Falls Chukars batting - Pitching for Delaware 1787 BC : LHP Will Hoffman
Batting: SHB Jesús Román 0-0: Foul Ball, location: 2F
0-1: Foul Ball, location: 2F
0-2: Fly out, F9 (Line Drive, 9S)
Batting: LHB Juan Rosado 0-0: Ball
1-0: Called Strike
1-1: Swinging Strike
1-2: Ball
2-2: Foul Ball, location: 2F
2-2: Strikes out swinging
Batting: SHB Jorge Colón 0-0: Ball
1-0: Foul Ball, location: 2F
1-1: Fly out, F8 (Line Drive, 8LM)
Bottom of the 3rd over - 0 run(s), 0 hit(s), 0 error(s), 0 left on base; Delaware 0 - Idaho Falls 0
TOP OF THE 4TH
Delaware 1787 BC batting - Pitching for Idaho Falls Chukars : LHP Jorge Mejía
Batting: RHB José Rodríguez 0-0: Ball
1-0: Ball
2-0: Called Strike
2-1: Foul Ball, location: 2F
2-2: Ground out 5-3 (Groundball, 56)
Batting: RHB David Wooderson 0-0: Called Strike
0-1: Foul Ball, location: 2F
0-2: Ground out 5-3 (Groundball, 56)
Batting: RHB Phil Moore 0-0: Swinging Strike
0-1: Called Strike
0-2: Foul Ball, location: 2F
0-2: SOLO HOME RUN (Flyball, 9D), Distance : 389 ft
Batting: RHB Randy Sheffield 0-0: Ball
1-0: Ball
2-0: Foul Ball, location: 2F
2-1: SOLO HOME RUN (Flyball, 7LD), Distance : 387 ft
Batting: RHB John Willoughby 0-0: DOUBLE (Line Drive, 9LS)
Batting: SHB Chris Hansen 0-0: Called Strike
0-1: Ball
1-1: Called Strike
1-2: Foul Ball, location: 2F
1-2: Foul Ball, location: 2F
1-2: Strikes out swinging
Top of the 4th over - 2 run(s), 3 hit(s), 0 error(s), 1 left on base; Delaware 2 - Idaho Falls 0
BOTTOM OF THE 4TH
Idaho Falls Chukars batting - Pitching for Delaware 1787 BC : LHP Will Hoffman
Batting: RHB Scott Ramsey 0-0: Called Strike
0-1: Fly out, F9 (Flyball, 9D)
Batting: SHB Félix Medina 0-0: Fly out, F8 (Line Drive, 8RD)
Batting: RHB Alexandre Keeping 0-0: Ball
1-0: Called Strike
1-1: Ball
2-1: Foul Ball, location: 2F
2-2: Foul Ball, location: 2F
2-2: Strikes out looking
Bottom of the 4th over - 0 run(s), 0 hit(s), 0 error(s), 0 left on base; Delaware 2 - Idaho Falls 0
TOP OF THE 5TH
Delaware 1787 BC batting - Pitching for Idaho Falls Chukars : LHP Jorge Mejía
Batting: LHB Donovan Inman 0-0: Swinging Strike
0-1: Foul Ball, location: 2F
0-2: Strikes out looking
Batting: RHB Toyozo Yamasaki 0-0: Called Strike
0-1: Ground out 5-3 (Groundball, 5)
Batting: LHB Juan Ledezma 0-0: Ball
1-0: Foul Ball, location: 2F
1-1: Reached on error, E7 (Flyball, 7)
Batting: RHB José Rodríguez 0-0: Ball
1-0: Ball
2-0: Called Strike
2-1: Fly out, F6 (Popup, 6D)
Top of the 5th over - 0 run(s), 0 hit(s), 1 error(s), 1 left on base; Delaware 2 - Idaho Falls 0
BOTTOM OF THE 5TH
Idaho Falls Chukars batting - Pitching for Delaware 1787 BC : LHP Will Hoffman
Batting: SHB Shiki Sanu 0-0: Ball
1-0: Called Strike
1-1: Called Strike
1-2: Ball
2-2: Ground out 1-3 (Groundball, P)
Batting: RHB Spencer Lyng 0-0: Ball
1-0: Ball
2-0: SINGLE (Line Drive, 8LS)
Batting: LHB Jérôme Masson 0-0: Called Strike
0-1: Ball
1-1: Fly out, F6 (Popup, 5D)
Batting: SHB Jesús Román 0-0: Called Strike
Spencer Lyng steals 2nd base
0-1: Foul Ball, location: 2F
0-2: Ball
1-2: Ball
2-2: Ball
3-2: Ground out 5-3 (Groundball, 5)
Bottom of the 5th over - 0 run(s), 1 hit(s), 0 error(s), 1 left on base; Delaware 2 - Idaho Falls 0
TOP OF THE 6TH
Delaware 1787 BC batting - Pitching for Idaho Falls Chukars : LHP Jorge Mejía
Batting: RHB David Wooderson 0-0: Ball
1-0: Ball
2-0: Fly out, F8 (Flyball, 8RS)
Batting: RHB Phil Moore 0-0: Fly out, F4 (Flyball, 34D)
Batting: RHB Randy Sheffield 0-0: SOLO HOME RUN (Line Drive, 7D), Distance : 419 ft
Batting: RHB John Willoughby 0-0: Ball
1-0: Fly out, F6 (Line Drive, 6)
Top of the 6th over - 1 run(s), 1 hit(s), 0 error(s), 0 left on base; Delaware 3 - Idaho Falls 0
BOTTOM OF THE 6TH
Idaho Falls Chukars batting - Pitching for Delaware 1787 BC : LHP Will Hoffman
Batting: LHB Juan Rosado 0-0: Ball
1-0: Ball
2-0: Ball
3-0: Base on Balls
Batting: SHB Jorge Colón 0-0: Ball
1-0: Called Strike
1-1: Called Strike
1-2: DOUBLE (Line Drive, 89XD)
Juan Rosado to third
Runner from 3rd tries for Home, SAFE, no throw
Batting: RHB Scott Ramsey 0-0: Foul Ball, location: 2F
0-1: Called Strike
0-2: Foul Ball, location: 2F
0-2: Strikes out looking
Batting: SHB Félix Medina 0-0: Ball
1-0: Fly out, F7 (Line Drive, 7)
Batting: RHB Alexandre Keeping 0-0: Ball
1-0: Ball
2-0: Ball
3-0: Base on Balls
Batting: SHB Shiki Sanu 0-0: Foul Ball, location: 2F
0-1: Foul Ball, location: 2F
0-2: Ball
1-2: Foul Ball, location: 2F
1-2: Ball
2-2: Ball
3-2: Strikes out swinging
Bottom of the 6th over - 1 run(s), 1 hit(s), 0 error(s), 2 left on base; Delaware 3 - Idaho Falls 1
TOP OF THE 7TH
Delaware 1787 BC batting - Pitching for Idaho Falls Chukars : LHP Jorge Mejía
Batting: SHB Chris Hansen 0-0: Foul Ball, location: 2F
0-1: Ground out U3 (Groundball, 3)
Batting: LHB Donovan Inman 0-0: Ball
1-0: Called Strike
1-1: Ball
2-1: Fly out, F7 (Line Drive, 7)
Batting: RHB Toyozo Yamasaki 0-0: Foul Ball, location: 2F
0-1: Ball
1-1: Ground out 4-3 (Groundball, 4)
Top of the 7th over - 0 run(s), 0 hit(s), 0 error(s), 0 left on base; Delaware 3 - Idaho Falls 1
BOTTOM OF THE 7TH
Idaho Falls Chukars batting - Pitching for Delaware 1787 BC : LHP Will Hoffman
Batting: RHB Spencer Lyng 0-0: Called Strike
0-1: Swinging Strike
0-2: Ball
1-2: Ball
2-2: Ball
3-2: Base on Balls
Batting: LHB Jérôme Masson 0-0: Foul Ball, location: 2F
0-1: Ball
1-1: Ball
2-1: Ball
3-1: Sac Bunt - play at first, batter OUT! 2-3
Spencer Lyng to second
Batting: SHB Jesús Román 0-0: Called Strike
0-1: Foul Ball, location: 2F
0-2: Strikes out swinging
Batting: LHB Juan Rosado 0-0: Foul Ball, location: 2F
0-1: Swinging Strike
0-2: Ball
1-2: Ball
2-2: Strikes out swinging
Bottom of the 7th over - 0 run(s), 0 hit(s), 0 error(s), 1 left on base; Delaware 3 - Idaho Falls 1
TOP OF THE 8TH
Delaware 1787 BC batting - Pitching for Idaho Falls Chukars : LHP Jorge Mejía
Batting: LHB Juan Ledezma 0-0: SINGLE (Line Drive, 6D)
Batting: RHB José Rodríguez 0-0: Ball
Juan Ledezma is caught stealing 2nd base
1-0: Called Strike
1-1: Ball
2-1: Called Strike
2-2: Ball
3-2: Strikes out swinging
Batting: RHB David Wooderson 0-0: Foul Ball, location: 2F
0-1: Ball
1-1: Ball
2-1: Called Strike
2-2: Ball
3-2: Strikes out swinging
Top of the 8th over - 0 run(s), 1 hit(s), 0 error(s), 0 left on base; Delaware 3 - Idaho Falls 1
BOTTOM OF THE 8TH
Idaho Falls Chukars batting - Pitching for Delaware 1787 BC : LHP Will Hoffman
Batting: SHB Jorge Colón 0-0: Ball
1-0: Called Strike
1-1: Ball
2-1: Fly out, F9 (Flyball, 9)
Batting: RHB Scott Ramsey 0-0: Ball
1-0: Called Strike
1-1: Foul Ball, location: 2F
1-2: Strikes out swinging
Batting: SHB Félix Medina 0-0: Ball
1-0: Called Strike
1-1: Foul Ball, location: 2F
1-2: Strikes out swinging
Bottom of the 8th over - 0 run(s), 0 hit(s), 0 error(s), 0 left on base; Delaware 3 - Idaho Falls 1
TOP OF THE 9TH
Delaware 1787 BC batting - Pitching for Idaho Falls Chukars : LHP Jorge Mejía
Batting: RHB Phil Moore 0-0: Called Strike
0-1: Swinging Strike
0-2: Ball
1-2: Foul Ball, location: 2F
1-2: Ball
2-2: Ball
3-2: Base on Balls
Pitching: RHP Ron Armstrong
Batting: RHB Randy Sheffield 0-0: Ball
1-0: Ball
2-0: Ball
3-0: Foul Ball, location: 2F
3-1: Called Strike
3-2: Base on Balls
Phil Moore to second
Pitching: RHP Claudio Palma
Batting: RHB John Willoughby 0-0: Foul Ball, location: 2F
0-1: Swinging Strike
0-2: Strikes out swinging
Pinch Hitting: LHB Chase Popoff 0-0: Ball
1-0: Swinging Strike
1-1: Ball
2-1: Ball
3-1: Called Strike
3-2: Base on Balls
Phil Moore to third
Randy Sheffield to second
Pinch Hitting: RHB Jim Unknown 0-0: Ball
1-0: Ball
2-0: Foul Ball, location: 2F
2-1: DOUBLE (Flyball, 7)
Phil Moore scores
Randy Sheffield scores
Chase Popoff to third
Batting: RHB Toyozo Yamasaki 0-0: Foul Ball, location: 2F
0-1: Swinging Strike
0-2: Strikes out swinging
Batting: LHB Juan Ledezma 0-0: Ball
1-0: Called Strike
1-1: Foul Ball, location: 2F
1-2: SINGLE (Line Drive, 78S)
Chase Popoff scores
Jim Unknown to third
Batting: RHB José Rodríguez 0-0: Swinging Strike
0-1: Ball
1-1: Foul Ball, location: 2F
1-2: Strikes out swinging
Top of the 9th over - 3 run(s), 2 hit(s), 0 error(s), 2 left on base; Delaware 6 - Idaho Falls 1
BOTTOM OF THE 9TH
Idaho Falls Chukars batting - Pitching for Delaware 1787 BC : LHP Will Hoffman
Pitching: RHP Rudy Byrd
Now at C: Dave Cohan
Now at 1B: Chase Popoff
Now in LF: Ward Wilberfoss
Now in RF: Jim Unknown
Batting: RHB Alexandre Keeping 0-0: Ball
1-0: Fly out, F8 (Flyball, 8LS)
Batting: SHB Shiki Sanu 0-0: TRIPLE (Flyball, 78XD)
Batting: RHB Spencer Lyng 0-0: Ball
1-0: Called Strike
1-1: Foul Ball, location: 2F
1-2: Ball
2-2: Foul Ball, location: 2F
2-2: SINGLE (Line Drive, 7S)
Shiki Sanu scores
Batting: LHB Jérôme Masson 0-0: Ball
1-0: Ball
2-0: Called Strike
2-1: Swinging Strike
2-2: Foul Ball, location: 2F
2-2: Strikes out swinging
Batting: SHB Jesús Román 0-0: Ball
1-0: Swinging Strike
1-1: Ball
2-1: Swinging Strike
2-2: Strikes out swinging
Bottom of the 9th over - 1 run(s), 2 hit(s), 0 error(s), 1 left on base; Delaware 6 - Idaho Falls 2
Saturday, May 26th, 2018 - OOTP Baseball 17.12 Build 75